Canucks vs Penguins

Created - 9 mars 2020 at 17:02

Goals
1 2 3 T
Canucks 2 2 1 5
Penguins 0 1 1 2
Shots
1 2 3 T
Canucks 17 12 10 39
Penguins 9 11 7 27

1st period

1. Canucks , Mika Zibanejad 27 (Blake Wheeler 39, Gustav Nyquist 33) at 11:56 (PP)
2. Canucks , Alex Killorn 9 (Gustav Nyquist 34, Ryan Getzlaf 27) at 14:22

Penalties :
Brian Boyle (PIT) for Hooking (Minor) at 11:42

2nd period

3. Canucks , Dominik Kubalik 12 (Derek Ryan 16, Jimmy Vesey 13) at 10:19
4. Penguins , Patric Hornqvist 15 (Auston Matthews 27, Mikael Granlund 31) at 18:49
5. Canucks , Derek Ryan 9 (Brandon Tanev 12, Dominik Kubalik 9) at 19:47

Penalties :
No Penalty

3rd period

6. Canucks , Mika Zibanejad 28 (Blake Wheeler 40) at 13:50
7. Penguins , Brian Boyle 7 (Brent Burns 37, Joel Armia 14) at 17:29 (PP)

Penalties :
Darnell Nurse (VAN) for Holding (Minor) at 5:50, Mikael Granlund (PIT) for Holding (Minor) at 10:10, Quinn Hughes (VAN) for Hooking (Minor) at 16:54

Goalie Stats

Ben Bishop (VAN), 25 saves from 27 shots - (0,926), W, 22-16-3, 60:00 minutes
Tuukka Rask (PIT), 34 saves from 39 shots - (0,872), L, 19-20-6, 60:00 minutes

Players Stats for Canucks

Player Name              G  A  P  +/- PIM S  H  SB GA TA FO     MP     PP MP  PK MP  
------------------------------------------------------------------------------------
Alex Killorn             1  0  1   0  0   1  0  0  1  0  0/0    19:02   0:05   0:29 
Alex Tuch                0  0  0   1  0   1  1  0  0  0  2/2    18:38   0:52   0:00 
Blake Wheeler            0  2  2   1  0   5  2  1  0  0  0/1    19:02   1:16   0:00 
Brandon Tanev            0  1  1   2  0   4  1  0  1  0  0/1    11:56   0:05   1:14 
Charlie McAvoy           0  0  0   0  0   0  1  0  1  0  0/0    20:24   0:34   0:18 
Darnell Nurse            0  0  0   2  2   0  2  0  0  0  0/0    19:19   0:34   0:00 
Derek Ryan               1  1  2   2  0   5  0  0  0  0  8/8    10:31   0:52   0:00 
Dominik Kubalik          1  1  2   2  0   1  1  0  1  0  0/0    10:34   0:52   0:09 
Erik Cernak              0  0  0   1  0   1  1  1  0  0  0/0    16:39   0:00   1:11 
Erik Johnson             0  0  0   2  0   1  0  0  0  1  0/0    20:09   0:00   1:23 
Gustav Nyquist           0  2  2   0  0   5  0  2  2  1  1/3    18:17   1:16   0:00 
Jimmy Vesey              0  1  1   0  0   2  0  0  3  0  0/0    11:31   0:05   0:00 
Jordan Martinook         0  0  0   0  0   0  1  2  0  0  2/5    10:37   0:00   1:11 
Matt Calvert             0  0  0   0  0   0  0  0  0  0  1/1    10:37   0:00   1:11 
Mika Zibanejad           2  0  2   1  0   10 2  1  0  0  15/22  19:40   1:16   0:54 
Oscar Klefbom            0  0  0   0  0   2  0  1  0  0  0/0    20:37   0:00   1:05 
Quinn Hughes             0  0  0   1  2   1  0  1  1  1  0/0    19:44   1:39   1:11 
Ryan Getzlaf             0  1  1   0  0   0  2  1  3  0  10/24  20:07   1:39   0:00 

Players Stats for Penguins

Player Name              G  A  P  +/- PIM S  H  SB GA TA FO     MP     PP MP  PK MP  
------------------------------------------------------------------------------------
Adam Lowry               0  0  0   0  0   2  1  1  0  2  10/14  18:30   0:17   0:00 
Auston Matthews          0  1  1   0  0   2  1  1  2  0  14/33  25:41   1:21   1:14 
Brent Burns              0  1  1  -3  0   4  0  4  0  2  0/1    29:42   0:43   1:20 
Brian Boyle              1  0  1  -1  2   1  1  0  1  3  0/0    26:46   0:58   1:08 
Cale Makar               0  0  0   0  0   0  0  0  0  0  0/0    12:49   0:35   0:00 
Dmitry Orlov             0  0  0  -1  0   1  1  0  0  1  0/0    18:57   1:36   0:53 
Jesperi Kotkaniemi       0  0  0  -1  0   0  0  0  0  0  0/0     5:25   0:38   0:53 
Joel Armia               0  1  1   0  0   1  3  0  0  1  0/1    18:30   0:17   0:00 
Mikael Granlund          0  1  1   0  2   4  0  0  0  0  0/2    19:14   1:21   0:14 
Mikkel Boedker           0  0  0   0  0   4  1  0  0  1  0/1    18:30   0:17   0:00 
Niklas Kronwall          0  0  0   0  0   2  1  2  0  0  0/0     8:11   0:00   0:00 
Patric Hornqvist         1  0  1   1  0   2  0  0  0  1  0/2    17:35   1:20   0:00 
Reid Boucher             0  0  0  -2  0   1  0  1  0  0  0/0    12:55   0:37   0:49 
Roman Polak              0  0  0  -1  0   2  0  0  0  2  0/0    18:57   1:36   0:53 
Sam Bennett              0  0  0  -2  0   1  2  0  0  0  0/0    10:25   0:28   0:41 
Tim Schaller             0  0  0  -2  0   0  1  0  0  0  2/11   11:57   0:28   0:00 
Tyler Myers              0  0  0  -1  0   0  1  1  0  0  0/0    13:38   0:00   0:18 
Vladimir Sobotka         0  0  0  -2  0   0  0  0  0  0  2/2    10:03   0:18   0:29 

3 Stars

1 - Mika Zibanejad (VAN)
2 - Dominik Kubalik (VAN)
3 - Derek Ryan (VAN)

Power Play

Canucks - 1 on 2 Attempt(s) - 50,00%
Penguins - 1 on 2 Attempt(s) - 50,00%

Penalty Kill

Canucks - 1 on 2 Attempt(s) - 50,00% - Score 0 goal in Penalty Kill
Penguins - 1 on 2 Attempt(s) - 50,00% - Score 0 goal in Penalty Kill

Team Stat

Canucks - Hits : 14 - Faceoff Wins : 39 - Blocked Shots : 10 - Penalty Minutes : 4
Penguins - Hits : 13 - Faceoff Wins : 28 - Blocked Shots : 10 - Penalty Minutes : 4

Official

Referees : Trevor Hanson and Garrett Rank
Linesman : Brad Kovachik and Steve Miller

Game Notes

19:47 of 2nd period - Canucks goal is going for a video replay. After video review, Goal.

Finance

Level 1 -- Attendance: 5265 (87,75%) -- Ticket Income 447 525 $
Level 2 -- Attendance: 4442 (88,84%) -- Ticket Income 266 520 $
Level 3 -- Attendance: 1798 (89,90%) -- Ticket Income 62 930 $
Level 4 -- Attendance: 3897 (97,43%) -- Ticket Income 77 940 $
Luxury Box -- Attendance: 913 (91,30%) -- Ticket Income 164 340 $
Game was played at the Consol Energy Center.
Total Attendance: 16315 (90,64%)
Total Ticket Income: 1 019 255 $
Other Income: 499 435 $
Total Income: 1 518 690 $

Canucks

5 vs 5 Forward 
   Center                   Left Wing                Right Wing               Time % Phy DF OF 
 1 Mika Zibanejad           Blake Wheeler            Alex Tuch                33     0   0  5  
 2 Ryan Getzlaf             Gustav Nyquist           Alex Killorn             33     0   0  5  
 3 Derek Ryan               Dominik Kubalik          Brandon Tanev            17     0   2  1  
 4 Jordan Martinook         Jimmy Vesey              Matt Calvert             17     1   4  0  

5 vs 5 Defense 
   Defense                  Defense                                           Time % Phy DF OF 
 1 Darnell Nurse            Erik Johnson                                      36     0   5  0  
 2 Oscar Klefbom            Charlie McAvoy                                    36     0   5  0  
 3 Erik Cernak              Quinn Hughes                                      28     0   5  0  
 4 Erik Cernak              Quinn Hughes                                      0      0   5  0  

PowerPlay Forward 
   Center                   Left Wing                Right Wing               Time % Phy DF OF 
 1 Mika Zibanejad           Gustav Nyquist           Blake Wheeler            70     0   0  5  
 2 Derek Ryan               Dominik Kubalik          Alex Tuch                30     0   0  5  

PowerPlay Defense
   Defense                  Defense                                           Time % Phy DF OF 
 1 Ryan Getzlaf             Quinn Hughes                                      70     0   0  5  
 2 Darnell Nurse            Charlie McAvoy                                    30     0   0  5  

Penalty Kill 4 Players Forward 
   Center                   Wing                     Time % Phy DF OF 
 1 Alex Killorn             Brandon Tanev            50     1   4  0  
 2 Jordan Martinook         Matt Calvert             50     1   4  0  

Penalty Kill 4 Players Defense
   Defense                  Defense                  Time % Phy DF OF 
 1 Oscar Klefbom            Erik Johnson             70     1   4  0  
 2 Erik Cernak              Darnell Nurse            30     1   4  0  

Penalty Kill - 3 Players Forward 
   Forward                                           Time % Phy DF OF 
 1 Derek Ryan                                        60     0   5  0  
 2 Alex Killorn                                      40     0   5  0  

Penalty Kill - 3 Players Defense
   Defense                  Defense                  Time % Phy DF OF 
 1 Erik Johnson             Oscar Klefbom            60     0   5  0  
 2 Erik Cernak              Darnell Nurse            40     0   5  0  

4 vs 4 Forward 
   Center                   Wing                     Time % Phy DF OF 
 1 Mika Zibanejad           Alex Killorn             50     1   2  2  
 2 Ryan Getzlaf             Blake Wheeler            50     1   2  2  

4 vs 4 Defense
   Defense                  Defense                  Time % Phy DF OF 
 1 Darnell Nurse            Charlie McAvoy           50     1   2  2  
 2 Erik Johnson             Oscar Klefbom            50     1   2  2  

Last Minutes Offensive
   Center                   Left Wing                Right Wing               Defense                  Defense                  
   Mika Zibanejad           Blake Wheeler            Alex Tuch                Charlie McAvoy           Darnell Nurse            

Last Minutes Defensive
   Center                   Left Wing                Right Wing               Defense                  Defense                  
   Alex Killorn             Brandon Tanev            Matt Calvert             Darnell Nurse            Erik Johnson             

Goaltenders
Starting : Ben Bishop               
Backup : Jordan Binnington        

Extra Forwards
Normal : Derek Ryan, Jimmy Vesey, Brandon Tanev - PP : Brandon Tanev, Jimmy Vesey - PK : Ryan Getzlaf
Extra Defensemen
Normal : Erik Cernak, Quinn Hughes, Erik Johnson - PP : Oscar Klefbom - PK : Charlie McAvoy, Darnell Nurse
Penalty Shots
Mika Zibanejad, Blake Wheeler, Jimmy Vesey, Brandon Tanev, Alex Tuch
Custom OT Lines Forwards
Mika Zibanejad, Blake Wheeler, Ryan Getzlaf, Gustav Nyquist, Alex Tuch, Alex Killorn, Derek Ryan, Brandon Tanev, Dominik Kubalik, Jordan Martinook
Custom OT Lines Defensemen
Oscar Klefbom, Erik Johnson, Darnell Nurse, Charlie McAvoy, Quinn Hughes

Scratches
Dan Hamhuis (Healthy), Jason Dickinson (Healthy)

Penguins

5 vs 5 Forward 
   Center                   Left Wing                Right Wing               Time % Phy DF OF 
 1 Auston Matthews          Mikael Granlund          Patric Hornqvist         40     1   2  2  
 2 Adam Lowry               Mikkel Boedker           Joel Armia               30     1   2  2  
 3 Tim Schaller             Reid Boucher             Brent Burns              20     1   2  2  
 4 Vladimir Sobotka         Sam Bennett              Auston Matthews          10     1   2  2  

5 vs 5 Defense 
   Defense                  Defense                                           Time % Phy DF OF 
 1 Brent Burns              Brian Boyle                                       40     1   2  2  
 2 Roman Polak              Dmitry Orlov                                      30     1   2  2  
 3 Cale Makar               Tyler Myers                                       20     1   2  2  
 4 Niklas Kronwall          Brian Boyle                                       10     1   2  2  

PowerPlay Forward 
   Center                   Left Wing                Right Wing               Time % Phy DF OF 
 1 Auston Matthews          Mikael Granlund          Patric Hornqvist         60     1   2  2  
 2 Adam Lowry               Mikkel Boedker           Joel Armia               40     1   2  2  

PowerPlay Defense
   Defense                  Defense                                           Time % Phy DF OF 
 1 Brent Burns              Brian Boyle                                       60     1   2  2  
 2 Roman Polak              Dmitry Orlov                                      40     1   2  2  

Penalty Kill 4 Players Forward 
   Center                   Wing                     Time % Phy DF OF 
 1 Auston Matthews          Mikael Granlund          60     1   2  2  
 2 Patric Hornqvist         Joel Armia               40     1   2  2  

Penalty Kill 4 Players Defense
   Defense                  Defense                  Time % Phy DF OF 
 1 Brent Burns              Brian Boyle              60     1   2  2  
 2 Roman Polak              Dmitry Orlov             40     1   2  2  

Penalty Kill - 3 Players Forward 
   Forward                                           Time % Phy DF OF 
 1 Auston Matthews                                   60     1   2  2  
 2 Mikael Granlund                                   40     1   2  2  

Penalty Kill - 3 Players Defense
   Defense                  Defense                  Time % Phy DF OF 
 1 Brent Burns              Brian Boyle              60     1   2  2  
 2 Roman Polak              Dmitry Orlov             40     1   2  2  

4 vs 4 Forward 
   Center                   Wing                     Time % Phy DF OF 
 1 Auston Matthews          Mikael Granlund          60     1   2  2  
 2 Patric Hornqvist         Joel Armia               40     1   2  2  

4 vs 4 Defense
   Defense                  Defense                  Time % Phy DF OF 
 1 Brent Burns              Brian Boyle              60     1   2  2  
 2 Roman Polak              Dmitry Orlov             40     1   2  2  

Last Minutes Offensive
   Center                   Left Wing                Right Wing               Defense                  Defense                  
   Auston Matthews          Mikael Granlund          Patric Hornqvist         Brent Burns              Brian Boyle              

Last Minutes Defensive
   Center                   Left Wing                Right Wing               Defense                  Defense                  
   Auston Matthews          Mikael Granlund          Patric Hornqvist         Brent Burns              Brian Boyle              

Goaltenders
Starting : Tuukka Rask              
Backup : Jack Campbell            

Extra Forwards
Normal : Jesperi Kotkaniemi, Tim Schaller, Reid Boucher - PP : Jesperi Kotkaniemi, Tim Schaller - PK : Reid Boucher
Extra Defensemen
Normal : Cale Makar, Tyler Myers, Niklas Kronwall - PP : Cale Makar - PK : Tyler Myers, Niklas Kronwall
Penalty Shots
Brent Burns, Auston Matthews, Brian Boyle, Mikael Granlund, Patric Hornqvist
Custom OT Lines Forwards
Brent Burns, Auston Matthews, Brian Boyle, Mikael Granlund, Patric Hornqvist, Joel Armia, Mikkel Boedker, Adam Lowry, Tim Schaller, Reid Boucher
Custom OT Lines Defensemen
Brent Burns, Brian Boyle, Roman Polak, Dmitry Orlov, Cale Makar

Scratches
Miro Heiskanen (Right Ankle Injury), Markus Granlund (Strained Right Elbow Injury)

% Time on Ice - Canucks

Lines # - Real PCT - Wanted PCT - Time Play
Normal Forward
1 - 35% - 33% - 19:13
2 - 31% - 33% - 17:01
3 - 17% - 17% - 9:33
4 - 17% - 17% - 9:26
Normal Defense
1 - 37% - 36% - 20:13
2 - 35% - 36% - 19:32
3 - 27% - 28% - 15:06
4 - 1% - 0% - 0:22
PP Forward
1 - 61% - 70% - 1:21
2 - 39% - 30% - 0:52
PP Defense
1 - 74% - 70% - 1:39
2 - 26% - 30% - 0:34
PK Forward
1 - 52% - 50% - 1:20
2 - 48% - 50% - 1:14
PK Defense
1 - 54% - 70% - 1:23
2 - 46% - 30% - 1:11
PK3 Forward
1 - 0% - 60%
2 - 0% - 40%
PK3 Defense
1 - 0% - 60%
2 - 0% - 40%
44 Forward
1 - 0% - 50%
2 - 0% - 50%
44 Defense
1 - 0% - 50%
2 - 0% - 50%
Last Minute Offensive  - 0:00
Last Minute Defensive  - 0:00
Total
Forward - 60:00
Defense - 60:00

% Time on Ice - Penguins

Lines # - Real PCT - Wanted PCT - Time Play
Normal Forward
1 - 32% - 40% - 17:56
2 - 33% - 30% - 18:13
3 - 21% - 20% - 11:29
4 - 14% - 10% - 7:35
Normal Defense
1 - 35% - 40% - 19:04
2 - 30% - 30% - 16:28
3 - 21% - 20% - 11:30
4 - 15% - 10% - 8:11
PP Forward
1 - 89% - 60% - 2:17
2 - 11% - 40% - 0:17
PP Defense
1 - 38% - 60% - 0:58
2 - 62% - 40% - 1:36
PK Forward
1 - 100% - 60% - 2:13
2 - 0% - 40% - 0:00
PK Defense
1 - 60% - 60% - 1:20
2 - 40% - 40% - 0:53
PK3 Forward
1 - 0% - 60%
2 - 0% - 40%
PK3 Defense
1 - 0% - 60%
2 - 0% - 40%
44 Forward
1 - 0% - 60%
2 - 0% - 40%
44 Defense
1 - 0% - 60%
2 - 0% - 40%
Last Minute Offensive  - 0:00
Last Minute Defensive  - 0:00
Total
Forward - 60:00
Defense - 60:00

Play-by-Play

1st period


0:01 of 1st period - Mika Zibanejad wins face-off versus Auston Matthews in neutral zone.
0:57 of 1st period - Backhand shot by Gustav Nyquist.
0:57 of 1st period - Shot Misses the Net.
1:13 of 1st period - Tim Schaller is hit by Dominik Kubalik.
1:34 of 1st period - Slapshot by Mikkel Boedker.
1:34 of 1st period - Deflect By Adam Lowry.
1:34 of 1st period - Stopped by Ben Bishop with a rebound.
2:09 of 1st period - Off-side.
2:10 of 1st period - Vladimir Sobotka wins face-off versus Mika Zibanejad in neutral zone.
2:51 of 1st period - Slapshot by Mikkel Boedker.
2:51 of 1st period - Stopped by Ben Bishop with a rebound.
2:53 of 1st period - Snap shot by Joel Armia.
2:53 of 1st period - Shot Blocked by Gustav Nyquist.
2:55 of 1st period - Slapshot by Mikkel Boedker.
2:55 of 1st period - Shot Blocked by Erik Cernak.
2:57 of 1st period - Snap shot by Dmitry Orlov.
2:57 of 1st period - Stopped by Ben Bishop with a rebound.
2:59 of 1st period - Snap shot by Mikkel Boedker.
2:59 of 1st period - Shot Misses the Net.
3:18 of 1st period - Slapshot by Jimmy Vesey.
3:18 of 1st period - Shot Blocked by Reid Boucher.
3:44 of 1st period - Wrist shot by Gustav Nyquist.
3:44 of 1st period - Shot Misses the Net.
4:08 of 1st period - Snap shot by Mika Zibanejad.
4:08 of 1st period - Shot Hit the Post.
4:12 of 1st period - Snap shot by Blake Wheeler.
4:12 of 1st period - Shot Blocked by Niklas Kronwall.
4:16 of 1st period - Snap shot by Mika Zibanejad.
4:16 of 1st period - Deflect By Adam Lowry.
4:16 of 1st period - Shot Blocked by Niklas Kronwall.
4:16 of 1st period - Puck is out of play.
4:17 of 1st period - Ryan Getzlaf wins face-off versus Brent Burns in Penguins zone.
4:30 of 1st period - Snap shot by Gustav Nyquist.
4:30 of 1st period - Shot Misses the Net.
5:09 of 1st period - Off-side.
5:10 of 1st period - Auston Matthews wins face-off versus Jordan Martinook in neutral zone.
6:01 of 1st period - Wrist shot by Derek Ryan.
6:01 of 1st period - Stopped by Tuukka Rask without a rebound.
6:02 of 1st period - Derek Ryan wins face-off versus Auston Matthews in Penguins zone.
6:03 of 1st period - Slapshot by Brandon Tanev.
6:03 of 1st period - Stopped by Tuukka Rask without a rebound.
6:04 of 1st period - Auston Matthews wins face-off versus Ryan Getzlaf in Penguins zone.
6:10 of 1st period - Off-side.
6:11 of 1st period - Ryan Getzlaf wins face-off versus Auston Matthews in neutral zone.
6:17 of 1st period - Icing by Roman Polak.
6:18 of 1st period - Mika Zibanejad wins face-off versus Patric Hornqvist in Penguins zone.
6:21 of 1st period - Slapshot by Blake Wheeler.
6:21 of 1st period - Stopped by Tuukka Rask with a rebound.
6:37 of 1st period - Wrist shot by Mikael Granlund.
6:37 of 1st period - Shot Misses the Net.
6:39 of 1st period - Slapshot by Roman Polak.
6:39 of 1st period - Shot Misses the Net.
6:41 of 1st period - Slapshot by Dmitry Orlov.
6:41 of 1st period - Deflect By Auston Matthews.
6:41 of 1st period - Stopped by Ben Bishop with a rebound.
6:43 of 1st period - Slapshot by Roman Polak.
6:43 of 1st period - Deflect By Auston Matthews.
6:43 of 1st period - Shot Blocked by Mika Zibanejad.
6:43 of 1st period - Puck is out of play.
6:44 of 1st period - Adam Lowry wins face-off versus Gustav Nyquist in Canucks zone.
7:51 of 1st period - Snap shot by Mika Zibanejad.
7:51 of 1st period - Stopped by Tuukka Rask without a rebound.
7:52 of 1st period - Auston Matthews wins face-off versus Mika Zibanejad in Penguins zone.
8:01 of 1st period - Snap shot by Mika Zibanejad.
8:01 of 1st period - Deflect By Blake Wheeler.
8:01 of 1st period - Stopped by Tuukka Rask with a rebound.
8:07 of 1st period - Tyler Myers is hit by Mika Zibanejad and loses puck.
8:28 of 1st period - Wrist shot by Mikkel Boedker.
8:28 of 1st period - Stopped by Ben Bishop without a rebound.
8:29 of 1st period - Tim Schaller wins face-off versus Ryan Getzlaf in Canucks zone.
8:55 of 1st period - Jimmy Vesey is hit by Joel Armia and loses puck.
11:32 of 1st period - Wrist shot by Mika Zibanejad.
11:32 of 1st period - Stopped by Tuukka Rask without a rebound.
11:33 of 1st period - Derek Ryan wins face-off versus Tim Schaller in Penguins zone.
11:36 of 1st period - Snap shot by Brandon Tanev.
11:36 of 1st period - Stopped by Tuukka Rask without a rebound.
11:37 of 1st period - Derek Ryan wins face-off versus Tim Schaller in Penguins zone.
11:40 of 1st period - Backhand shot by Derek Ryan.
11:40 of 1st period - Shot Misses the Net.
11:42 of 1st period - Minor Penalty to Brian Boyle for Hooking.
11:43 of 1st period - Mika Zibanejad wins face-off versus Mikael Granlund in Penguins zone.
11:52 of 1st period - Wrist shot by Mika Zibanejad.
11:52 of 1st period - Shot Misses the Net.
11:54 of 1st period - Snap shot by Mika Zibanejad.
11:54 of 1st period - Shot Misses the Net.
11:56 of 1st period - Snap shot by Mika Zibanejad.
11:56 of 1st period - Goal by Mika Zibanejad - Canucks : 1 - Penguins : 0.
11:57 of 1st period - Mika Zibanejad wins face-off versus Auston Matthews in neutral zone.
12:07 of 1st period - Icing by Auston Matthews.
12:08 of 1st period - Auston Matthews wins face-off versus Ryan Getzlaf in Penguins zone.
12:13 of 1st period - Quinn Hughes is hit by Brian Boyle and loses puck.
12:22 of 1st period - Wrist shot by Mikael Granlund.
12:22 of 1st period - Stopped by Ben Bishop without a rebound.
12:23 of 1st period - Alex Tuch wins face-off versus Auston Matthews in Canucks zone.
12:28 of 1st period - Brent Burns is hit by Mika Zibanejad and loses puck.
13:36 of 1st period - Slapshot by Brandon Tanev.
13:36 of 1st period - Stopped by Tuukka Rask with a rebound.
13:58 of 1st period - Snap shot by Blake Wheeler.
13:58 of 1st period - Stopped by Tuukka Rask without a rebound.
13:59 of 1st period - Ryan Getzlaf wins face-off versus Tim Schaller in Penguins zone.
14:06 of 1st period - Slapshot by Brent Burns.
14:06 of 1st period - Stopped by Ben Bishop without a rebound.
14:07 of 1st period - Tim Schaller wins face-off versus Ryan Getzlaf in Canucks zone.
14:20 of 1st period - Wrist shot by Gustav Nyquist.
14:20 of 1st period - Shot Blocked by Brent Burns.
14:22 of 1st period - Wrist shot by Gustav Nyquist.
14:22 of 1st period - Deflect By Alex Killorn.
14:22 of 1st period - Goal by Alex Killorn - Canucks : 2 - Penguins : 0.
14:23 of 1st period - Mika Zibanejad wins face-off versus Auston Matthews in neutral zone.
14:30 of 1st period - Wrist shot by Mika Zibanejad.
14:30 of 1st period - Stopped by Tuukka Rask without a rebound.
14:31 of 1st period - Auston Matthews wins face-off versus Mika Zibanejad in Penguins zone.
14:31 of 1st period - Auston Matthews is hit by Blake Wheeler.
14:46 of 1st period - Snap shot by Blake Wheeler.
14:46 of 1st period - Deflect By Mika Zibanejad.
14:46 of 1st period - Shot Misses the Net.
14:46 of 1st period - Puck is out of play.
14:47 of 1st period - Adam Lowry wins face-off versus Ryan Getzlaf in Penguins zone.
15:13 of 1st period - Brian Boyle is hit by Alex Tuch and loses puck.
16:09 of 1st period - Reid Boucher is hit by Ryan Getzlaf and loses puck.
16:42 of 1st period - Patric Hornqvist is hit by Jordan Martinook and loses puck.
17:17 of 1st period - Wrist shot by Gustav Nyquist.
17:17 of 1st period - Deflect By Alex Killorn.
17:17 of 1st period - Shot Misses the Net.
17:17 of 1st period - Puck is out of play.
17:18 of 1st period - Ryan Getzlaf wins face-off versus Tim Schaller in Penguins zone.
17:21 of 1st period - Slapshot by Gustav Nyquist.
17:21 of 1st period - Stopped by Tuukka Rask with a rebound.
17:27 of 1st period - Backhand shot by Brent Burns.
17:27 of 1st period - Stopped by Ben Bishop without a rebound.
17:28 of 1st period - Mika Zibanejad wins face-off versus Joel Armia in Canucks zone.
17:59 of 1st period - Snap shot by Jimmy Vesey.
17:59 of 1st period - Shot Misses the Net.
18:49 of 1st period - Wrist shot by Derek Ryan.
18:49 of 1st period - Stopped by Tuukka Rask without a rebound.
18:50 of 1st period - Vladimir Sobotka wins face-off versus Mika Zibanejad in Penguins zone.
19:01 of 1st period - Snap shot by Mika Zibanejad.
19:01 of 1st period - Shot Misses the Net.
19:03 of 1st period - Snap shot by Oscar Klefbom.
19:03 of 1st period - Stopped by Tuukka Rask with a rebound.
19:05 of 1st period - Slapshot by Oscar Klefbom.
19:05 of 1st period - Deflect By Tyler Myers.
19:05 of 1st period - Stopped by Tuukka Rask with a rebound.
19:07 of 1st period - Slapshot by Charlie McAvoy.
19:07 of 1st period - Deflect By Mika Zibanejad.
19:07 of 1st period - Stopped by Tuukka Rask without a rebound.
19:08 of 1st period - Adam Lowry wins face-off versus Ryan Getzlaf in Penguins zone.
19:13 of 1st period - Slapshot by Adam Lowry.
19:13 of 1st period - Shot Blocked by Quinn Hughes.
19:15 of 1st period - Slapshot by Roman Polak.
19:15 of 1st period - Shot Misses the Net.
19:23 of 1st period - Snap shot by Adam Lowry.
19:23 of 1st period - Stopped by Ben Bishop with a rebound.
Goals for this period are 2 for Canucks vs 0 for Penguins.
Shots for this period are 17 for Canucks vs 9 for Penguins.

2nd period


0:01 of 2nd period - Auston Matthews wins face-off versus Ryan Getzlaf in neutral zone.
0:28 of 2nd period - Mikkel Boedker is hit by Blake Wheeler and loses puck.
2:13 of 2nd period - Snap shot by Mikkel Boedker.
2:13 of 2nd period - Stopped by Ben Bishop without a rebound.
2:14 of 2nd period - Ryan Getzlaf wins face-off versus Mikkel Boedker in Canucks zone.
3:06 of 2nd period - Snap shot by Jimmy Vesey.
3:06 of 2nd period - Stopped by Tuukka Rask without a rebound.
3:07 of 2nd period - Auston Matthews wins face-off versus Jordan Martinook in Penguins zone.
3:41 of 2nd period - Wrist shot by Alex Killorn.
3:41 of 2nd period - Shot Blocked by Adam Lowry.
3:43 of 2nd period - Wrist shot by Gustav Nyquist.
3:43 of 2nd period - Stopped by Tuukka Rask without a rebound.
3:44 of 2nd period - Derek Ryan wins face-off versus Auston Matthews in Penguins zone.
3:49 of 2nd period - Snap shot by Derek Ryan.
3:49 of 2nd period - Shot Misses the Net.
3:51 of 2nd period - Snap shot by Erik Johnson.
3:51 of 2nd period - Stopped by Tuukka Rask without a rebound.
3:52 of 2nd period - Derek Ryan wins face-off versus Auston Matthews in Penguins zone.
5:25 of 2nd period - Slapshot by Joel Armia.
5:25 of 2nd period - Shot Misses the Net.
5:27 of 2nd period - Backhand shot by Cale Makar.
5:27 of 2nd period - Deflect By Joel Armia.
5:27 of 2nd period - Shot Misses the Net.
5:27 of 2nd period - Puck is out of play.
5:28 of 2nd period - Adam Lowry wins face-off versus Ryan Getzlaf in Canucks zone.
5:29 of 2nd period - Wrist shot by Joel Armia.
5:29 of 2nd period - Shot Misses the Net.
5:31 of 2nd period - Snap shot by Joel Armia.
5:31 of 2nd period - Deflect By Mikkel Boedker.
5:31 of 2nd period - Shot Blocked by Ryan Getzlaf.
5:31 of 2nd period - Puck is out of play.
5:32 of 2nd period - Adam Lowry wins face-off versus Ryan Getzlaf in Canucks zone.
6:28 of 2nd period - Snap shot by Reid Boucher.
6:28 of 2nd period - Stopped by Ben Bishop without a rebound.
6:29 of 2nd period - Ryan Getzlaf wins face-off versus Auston Matthews in Canucks zone.
6:44 of 2nd period - Backhand shot by Mikael Granlund.
6:44 of 2nd period - Stopped by Ben Bishop without a rebound.
6:45 of 2nd period - Mika Zibanejad wins face-off versus Tim Schaller in Canucks zone.
6:56 of 2nd period - Snap shot by Mika Zibanejad.
6:56 of 2nd period - Stopped by Tuukka Rask without a rebound.
6:57 of 2nd period - Auston Matthews wins face-off versus Ryan Getzlaf in Penguins zone.
8:07 of 2nd period - Snap shot by Brent Burns.
8:07 of 2nd period - Stopped by Ben Bishop without a rebound.
8:08 of 2nd period - Gustav Nyquist wins face-off versus Tim Schaller in Canucks zone.
8:17 of 2nd period - Ryan Getzlaf is hit by Tim Schaller and loses puck.
8:38 of 2nd period - Slapshot by Tim Schaller.
8:38 of 2nd period - Shot Blocked by Gustav Nyquist.
8:40 of 2nd period - Slapshot by Roman Polak.
8:40 of 2nd period - Stopped by Ben Bishop with a rebound.
8:42 of 2nd period - Wrist shot by Reid Boucher.
8:42 of 2nd period - Shot Misses the Net.
8:44 of 2nd period - Slapshot by Dmitry Orlov.
8:44 of 2nd period - Shot Hit the Post.
8:46 of 2nd period - Slapshot by Reid Boucher.
8:46 of 2nd period - Shot Misses the Net.
9:04 of 2nd period - Snap shot by Jesperi Kotkaniemi.
9:04 of 2nd period - Shot Misses the Net.
9:22 of 2nd period - Slapshot by Alex Killorn.
9:22 of 2nd period - Deflect By Gustav Nyquist.
9:22 of 2nd period - Stopped by Tuukka Rask without a rebound.
9:23 of 2nd period - Auston Matthews wins face-off versus Mika Zibanejad in Penguins zone.
10:17 of 2nd period - Slapshot by Derek Ryan.
10:17 of 2nd period - Stopped by Tuukka Rask with a rebound.
10:19 of 2nd period - Wrist shot by Dominik Kubalik.
10:19 of 2nd period - Goal by Dominik Kubalik - Canucks : 3 - Penguins : 0.
10:20 of 2nd period - Auston Matthews wins face-off versus Blake Wheeler in neutral zone.
10:23 of 2nd period - Wrist shot by Mikael Granlund.
10:23 of 2nd period - Stopped by Ben Bishop without a rebound.
10:24 of 2nd period - Mika Zibanejad wins face-off versus Auston Matthews in Canucks zone.
12:34 of 2nd period - Snap shot by Mikael Granlund.
12:34 of 2nd period - Stopped by Ben Bishop without a rebound.
12:35 of 2nd period - Derek Ryan wins face-off versus Tim Schaller in Canucks zone.
15:02 of 2nd period - Off-side.
15:03 of 2nd period - Matt Calvert wins face-off versus Adam Lowry in neutral zone.
15:08 of 2nd period - Snap shot by Jimmy Vesey.
15:08 of 2nd period - Shot Misses the Net.
15:14 of 2nd period - Wrist shot by Jimmy Vesey.
15:14 of 2nd period - Stopped by Tuukka Rask with a rebound.
15:30 of 2nd period - Brent Burns is hit by Darnell Nurse and loses puck.
15:35 of 2nd period - Slapshot by Blake Wheeler.
15:35 of 2nd period - Stopped by Tuukka Rask without a rebound.
15:36 of 2nd period - Auston Matthews wins face-off versus Ryan Getzlaf in Penguins zone.
15:41 of 2nd period - Snap shot by Patric Hornqvist.
15:41 of 2nd period - Shot Blocked by Oscar Klefbom.
16:01 of 2nd period - Alex Tuch is hit by Joel Armia and loses puck.
16:10 of 2nd period - Snap shot by Mikkel Boedker.
16:10 of 2nd period - Shot Misses the Net.
17:18 of 2nd period - Backhand shot by Auston Matthews.
17:18 of 2nd period - Stopped by Ben Bishop with a rebound.
17:20 of 2nd period - Snap shot by Sam Bennett.
17:20 of 2nd period - Stopped by Ben Bishop with a rebound.
17:32 of 2nd period - Snap shot by Gustav Nyquist.
17:32 of 2nd period - Stopped by Tuukka Rask with a rebound.
17:57 of 2nd period - Blake Wheeler is hit by Sam Bennett and loses puck.
18:02 of 2nd period - Erik Johnson is hit by Niklas Kronwall and loses puck.
18:25 of 2nd period - Off-side.
18:26 of 2nd period - Ryan Getzlaf wins face-off versus Adam Lowry in neutral zone.
18:37 of 2nd period - Wrist shot by Joel Armia.
18:37 of 2nd period - Stopped by Ben Bishop without a rebound.
18:38 of 2nd period - Auston Matthews wins face-off versus Ryan Getzlaf in Canucks zone.
18:49 of 2nd period - Snap shot by Patric Hornqvist.
18:49 of 2nd period - Goal by Patric Hornqvist - Canucks : 3 - Penguins : 1.
18:50 of 2nd period - Mika Zibanejad wins face-off versus Auston Matthews in neutral zone.
19:45 of 2nd period - Wrist shot by Brandon Tanev.
19:45 of 2nd period - Stopped by Tuukka Rask with a rebound.
19:47 of 2nd period - Snap shot by Derek Ryan.
19:47 of 2nd period - Canucks goal is going for a video replay.
19:47 of 2nd period - The goal is good.
19:47 of 2nd period - Goal by Derek Ryan - Canucks : 4 - Penguins : 1.
19:48 of 2nd period - Mika Zibanejad wins face-off versus Auston Matthews in neutral zone.
Goals for this period are 2 for Canucks vs 1 for Penguins.
Shots for this period are 12 for Canucks vs 11 for Penguins.

3rd period


0:01 of 3rd period - Auston Matthews wins face-off versus Ryan Getzlaf in neutral zone.
0:03 of 3rd period - Brent Burns is hit by Erik Cernak and loses puck.
0:10 of 3rd period - Snap shot by Alex Killorn.
0:10 of 3rd period - Shot Blocked by Brent Burns.
0:12 of 3rd period - Slapshot by Erik Cernak.
0:12 of 3rd period - Stopped by Tuukka Rask with a rebound.
0:14 of 3rd period - Slapshot by Erik Cernak.
0:14 of 3rd period - Shot Blocked by Auston Matthews.
0:16 of 3rd period - Slapshot by Quinn Hughes.
0:16 of 3rd period - Stopped by Tuukka Rask without a rebound.
0:17 of 3rd period - Adam Lowry wins face-off versus Mika Zibanejad in Penguins zone.
0:42 of 3rd period - Mikael Granlund is hit by Ryan Getzlaf and loses puck.
1:04 of 3rd period - Backhand shot by Derek Ryan.
1:04 of 3rd period - Stopped by Tuukka Rask with a rebound.
1:20 of 3rd period - Snap shot by Sam Bennett.
1:20 of 3rd period - Shot Blocked by Jordan Martinook.
1:22 of 3rd period - Slapshot by Roman Polak.
1:22 of 3rd period - Shot Misses the Net.
1:42 of 3rd period - Slapshot by Mika Zibanejad.
1:42 of 3rd period - Stopped by Tuukka Rask with a rebound.
2:12 of 3rd period - Niklas Kronwall is hit by Brandon Tanev and loses puck.
3:00 of 3rd period - Wrist shot by Mikkel Boedker.
3:00 of 3rd period - Shot Misses the Net.
3:25 of 3rd period - Snap shot by Mika Zibanejad.
3:25 of 3rd period - Shot Misses the Net.
3:27 of 3rd period - Slapshot by Quinn Hughes.
3:27 of 3rd period - Shot Misses the Net.
3:29 of 3rd period - Wrist shot by Alex Tuch.
3:29 of 3rd period - Shot Blocked by Tyler Myers.
3:31 of 3rd period - Snap shot by Alex Tuch.
3:31 of 3rd period - Deflect By Mika Zibanejad.
3:31 of 3rd period - Stopped by Tuukka Rask without a rebound.
3:32 of 3rd period - Adam Lowry wins face-off versus Ryan Getzlaf in Penguins zone.
3:40 of 3rd period - Icing by Charlie McAvoy.
3:41 of 3rd period - Adam Lowry wins face-off versus Gustav Nyquist in Canucks zone.
4:24 of 3rd period - Slapshot by Joel Armia.
4:24 of 3rd period - Shot Misses the Net.
5:28 of 3rd period - Brian Boyle is hit by Charlie McAvoy and loses puck.
5:39 of 3rd period - Wrist shot by Mikkel Boedker.
5:39 of 3rd period - Stopped by Ben Bishop without a rebound.
5:40 of 3rd period - Mika Zibanejad wins face-off versus Auston Matthews in Canucks zone.
5:50 of 3rd period - Minor Penalty to Darnell Nurse for Holding.
5:51 of 3rd period - Jordan Martinook wins face-off versus Auston Matthews in Canucks zone.
7:50 of 3rd period - Penalty to Darnell Nurse is over, Darnell Nurse is back on ice.
8:58 of 3rd period - Icing by Cale Makar.
8:59 of 3rd period - Jordan Martinook wins face-off versus Tim Schaller in Penguins zone.
9:13 of 3rd period - Off-side.
9:14 of 3rd period - Derek Ryan wins face-off versus Patric Hornqvist in neutral zone.
9:23 of 3rd period - Erik Johnson is hit by Auston Matthews and loses puck.
9:38 of 3rd period - Snap shot by Joel Armia.
9:38 of 3rd period - Shot Blocked by Blake Wheeler.
9:44 of 3rd period - Snap shot by Mika Zibanejad.
9:44 of 3rd period - Deflect By Blake Wheeler.
9:44 of 3rd period - Stopped by Tuukka Rask with a rebound.
9:46 of 3rd period - Snap shot by Alex Tuch.
9:46 of 3rd period - Stopped by Tuukka Rask without a rebound.
9:47 of 3rd period - Mika Zibanejad wins face-off versus Auston Matthews in Penguins zone.
10:10 of 3rd period - Minor Penalty to Mikael Granlund for Holding.
10:11 of 3rd period - Mika Zibanejad wins face-off versus Auston Matthews in Penguins zone.
10:22 of 3rd period - Snap shot by Mika Zibanejad.
10:22 of 3rd period - Stopped by Tuukka Rask with a rebound.
11:20 of 3rd period - Brent Burns is hit by Darnell Nurse and loses puck.
12:10 of 3rd period - Penalty to Mikael Granlund is over, Mikael Granlund is back on ice.
12:24 of 3rd period - Quinn Hughes is hit by Tyler Myers and loses puck.
13:11 of 3rd period - Snap shot by Brent Burns.
13:11 of 3rd period - Shot Misses the Net.
13:31 of 3rd period - Wrist shot by Alex Killorn.
13:31 of 3rd period - Shot Blocked by Brent Burns.
13:36 of 3rd period - Icing by Mikael Granlund.
13:37 of 3rd period - Mika Zibanejad wins face-off versus Mikael Granlund in Penguins zone.
13:48 of 3rd period - Snap shot by Blake Wheeler.
13:48 of 3rd period - Shot Blocked by Brent Burns.
13:50 of 3rd period - Slapshot by Mika Zibanejad.
13:50 of 3rd period - Goal by Mika Zibanejad - Canucks : 5 - Penguins : 1.
13:51 of 3rd period - Adam Lowry wins face-off versus Mika Zibanejad in neutral zone.
14:18 of 3rd period - Jordan Martinook is hit by Dmitry Orlov and loses puck.
14:23 of 3rd period - Slapshot by Patric Hornqvist.
14:23 of 3rd period - Stopped by Ben Bishop with a rebound.
14:25 of 3rd period - Slapshot by Niklas Kronwall.
14:25 of 3rd period - Stopped by Ben Bishop with a rebound.
14:27 of 3rd period - Slapshot by Niklas Kronwall.
14:27 of 3rd period - Stopped by Ben Bishop without a rebound.
14:28 of 3rd period - Alex Tuch wins face-off versus Adam Lowry in Canucks zone.
14:59 of 3rd period - Snap shot by Reid Boucher.
14:59 of 3rd period - Shot Misses the Net.
15:42 of 3rd period - Off-side.
15:43 of 3rd period - Mika Zibanejad wins face-off versus Tim Schaller in neutral zone.
16:12 of 3rd period - Mika Zibanejad is hit by Joel Armia and loses puck.
16:54 of 3rd period - Minor Penalty to Quinn Hughes for Hooking.
16:55 of 3rd period - Auston Matthews wins face-off versus Brandon Tanev in Canucks zone.
17:19 of 3rd period - Off-side.
17:20 of 3rd period - Adam Lowry wins face-off versus Jordan Martinook in neutral zone.
17:27 of 3rd period - Slapshot by Brent Burns.
17:27 of 3rd period - Shot Blocked by Jordan Martinook.
17:29 of 3rd period - Slapshot by Brian Boyle.
17:29 of 3rd period - Goal by Brian Boyle - Canucks : 5 - Penguins : 2.
17:30 of 3rd period - Ryan Getzlaf wins face-off versus Auston Matthews in neutral zone.
17:43 of 3rd period - Wrist shot by Gustav Nyquist.
17:43 of 3rd period - Stopped by Tuukka Rask without a rebound.
17:44 of 3rd period - Ryan Getzlaf wins face-off versus Auston Matthews in Penguins zone.
18:09 of 3rd period - Brandon Tanev is hit by Adam Lowry.
18:13 of 3rd period - Derek Ryan is hit by Mikkel Boedker and loses puck.
18:20 of 3rd period - Wrist shot by Joel Armia.
18:20 of 3rd period - Shot Misses the Net.
18:22 of 3rd period - Slapshot by Roman Polak.
18:22 of 3rd period - Stopped by Ben Bishop with a rebound.
18:34 of 3rd period - Derek Ryan is hit by Sam Bennett and loses puck.
18:53 of 3rd period - Wrist shot by Reid Boucher.
18:53 of 3rd period - Shot Misses the Net.
18:55 of 3rd period - Snap shot by Cale Makar.
18:55 of 3rd period - Shot Misses the Net.
18:57 of 3rd period - Slapshot by Brent Burns.
18:57 of 3rd period - Stopped by Ben Bishop without a rebound.
18:58 of 3rd period - Ryan Getzlaf wins face-off versus Adam Lowry in Canucks zone.
19:30 of 3rd period - Wrist shot by Auston Matthews.
19:30 of 3rd period - Deflect By Patric Hornqvist.
19:30 of 3rd period - Shot Misses the Net.
19:30 of 3rd period - Puck is out of play.
19:31 of 3rd period - Derek Ryan wins face-off versus Auston Matthews in Canucks zone.
Goals for this period are 1 for Canucks vs 1 for Penguins.
Shots for this period are 10 for Canucks vs 7 for Penguins. Output by the SimonT Hockey Simulator (STHS) for Eric Tremblay - Original Page W3C HTML5 Valid
Hockey Simulator - Hockey Simulation - Hockey Manager